 Dungeon Crawl Stone Soup version 0.26.1-11-gd32895ea62 (webtiles) character file.

Game seed: 1437637739510915110

167 vvl the Slasher (level 5, 0/42 HPs)
             Began as a Demonspawn Monk on June 2, 2021.
             Slain by an orc warrior
             ... wielding a +0 trident
              (19 damage)
             ... on level 3 of the Dungeon.
             The game lasted 00:05:15 (3304 turns).

vvl the Slasher (Demonspawn Monk)                   Turns: 3304, Time: 00:05:16

Health: 0/42       AC: 15    Str: 12    XL:     5   Next: 23%
Magic:  5/5        EV:  3    Int: 12    God:
Gold:   74         SH:  0    Dex: 15    Spells: 4/4 levels left

rFire    . . .     SeeInvis .   a - +0 falchion
rCold    . . .     Faith    .   (no shield)
rNeg     . . .     Spirit   .   j - +0 plate armour
rPois    .         Reflect  .   k - +0 helmet
rElec    .         Harm     .   (no cloak)
rCorr    .         Rampage  .   (no gloves)
Will     .....                  (no boots)
Stlth    ..........             (no amulet)
HPRegen  0.14/turn              f - ring of wizardry
MPRegen  0.09/turn              (no ring)

@: no status effects
A: molten scales 2, powered by death 2
a: no special abilities


You were on level 3 of the Dungeon.
You visited 1 branch of the dungeon, and saw 3 of its levels.

You collected 74 gold pieces.

Inventory:

Hand Weapons
 a - a +0 falchion (weapon)
Armour
 j - a +0 plate armour (worn)
 k - a +0 helmet (worn)
Jewellery
 f - a ring of wizardry (left hand)
Scrolls
 c - 4 scrolls of identify {unknown}
 d - a scroll of magic mapping {unknown}
 e - a scroll of amnesia {unknown}
 l - a scroll of teleportation {unknown}
Potions
 b - a potion of magic {unknown}
 g - a potion of brilliance {unknown}
 h - a potion of heal wounds {unknown}
 i - a potion of cancellation {unknown}


   Skills:
 + Level 3.6 Fighting
 * Level 3.8 Long Blades
 * Level 2.2 Armour
 - Level 2.6 Dodging
 - Level 1.7 Stealth
 + Level 2.1 Necromancy


You had 4 spell levels left.
You didn't know any spells.
Your spell library was empty.

Dungeon Overview and Level Annotations

Branches:
Dungeon (3/15)

Altars:
Makhleb


Innate Abilities, Weirdness & Mutations

You are mostly covered in molten scales. (AC +3)
You regenerate health from kills.


Message History

The orc warrior hits you but does no damage.
You barely miss the orc warrior.
The orc warrior hits you but does no damage.
You hit the orc warrior but do no damage.
The orc warrior hits you but does no damage.
Your plate armour prevents you from hitting the orc warrior.
The orc warrior hits you with a +0 trident!
Your plate armour prevents you from hitting the orc warrior.
The orc warrior hits you but does no damage.
You hit the orc warrior but do no damage.
The orc warrior completely misses you.
You hit the orc warrior but do no damage.
The orc warrior hits you with a +0 trident.
You barely miss the orc warrior.
The orc warrior hits you with a +0 trident!
You closely miss the orc warrior.
The orc warrior hits you with a +0 trident.
You hit the orc warrior but do no damage.
The orc warrior hits you with a +0 trident!!
You die...

##########
#...†....#
#.######.#
#####'#### #.#
#........# #.#
#........# #.#
#..[.....# #.#
#...[....# #.#
#..o@<)..# #.#
#........# #.#
######........#
#.#
#......########
#.# #......#
#.# #......#
#.# #......#
#.# #......#
#.#
+......########
#.#


You could see an orc warrior.

Vanquished Creatures
  A hound (D:2)
  4 gnolls
  3 adders
  2 worms (D:2)
  6 leopard geckos
  3 orcs
  5 giant cockroaches
  5 goblins
  3 hobgoblins (D:1)
  3 jackals (D:2)
  3 bats
  3 frilled lizards
  9 kobolds
  7 rats
57 creatures vanquished.

Notes
Turn   | Place    | Note
-------+----------+-------------------------------------------
     0 | D:1      | vvl the Demonspawn Monk began the quest for the Orb.
     0 | D:1      | Reached XP level 1. HP: 18/18 MP: 1/1
   475 | D:1      | Gained mutation: You are partially covered in molten
                  | scales. (AC +2) [demonic ancestry]
   475 | D:1      | Reached XP level 2. HP: 21/24 MP: 2/2
  1301 | D:2      | Reached skill level 1 in Armour
  1301 | D:2      | Reached skill level 1 in Necromancy
  1301 | D:2      | Gained mutation: You are mostly covered in molten scales.
                  | (AC +3) [demonic ancestry]
  1301 | D:2      | Reached XP level 3. HP: 22/29 MP: 3/3
  1381 | D:2      | Found a burning altar of Makhleb.
  1751 | D:2      | Gained mutation: You regenerate a little health from kills.
                  | [demonic ancestry]
  1751 | D:2      | Reached XP level 4. HP: 30/35 MP: 4/4
  2329 | D:2      | Gained mutation: You regenerate health from kills. [demonic
                  | ancestry]
  2329 | D:2      | Reached XP level 5. HP: 25/41 MP: 5/5
  3075 | D:3      | Noticed an orc warrior
  3304 | D:3      | Slain by an orc warrior

Illustrated notes

Levels and vault maps discovered:
D:1:      ebering_trefoil_3fold, layout_basic, minmay_hedge_maze
D:2:      layout_loops_cross, makhleb_blood_cavern_becter
D:3:      minmay_skewed_foursquare, layout_basic, okawaru_trees_1, uniq_sigmund

Skill      XL: |  1  2  3  4 |
---------------+-------------+-----
Long Blades    | 3 |  3.8
Armour         | 1 2 |  2.2
Necromancy     | 1 2 |  2.1
Fighting       | |  3.6
Dodging        | |  2.6
Stealth        | |  1.7

Action                   |  1- 3 |  4- 6 || total
-------------------------+-------+-------++-------
Melee: Falchion          |   109 |   144 ||   253
 Stab: Sleeping          |     1 |       ||     1
Armor: Robe              |     3 |       ||     3
       Ring mail         |    24 |       ||    24
       Plate armour      |    24 |   120 ||   144
Dodge: Dodged            |    56 |    24 ||    80
       Rpst.: Falchion   |    21 |    13 ||    34
